3AA
LAKE MINNETONKA LOVE BOATS @ YAKIMA HOPS
07/13/2042
 
TOP OF THE 1ST
Lake Minnetonka Love Boats batting - Pitching for Yakima Hops : RHP Dave Hamilton
Pitching: RHP Dave Hamilton
Batting: RHB Mark Bakker 0-0: Ball
1-0: Called Strike
1-1: SINGLE (Groundball, 2L, EV 74.4 MPH) (infield hit)
Batting: RHB Hamid Rutu 0-0: Ball
1-0: Foul Ball, location: 2F
1-1: Ball
2-1: SINGLE (Groundball, 4MD, EV 103.1 MPH)
Mark Bakker to second
Runner from 2nd tries for 3rd, SAFE, no throw by CF
Batting: RHB Eisse van Barneveld 0-0: Foul Ball, location: 2F
0-1: Ball
1-1: Ball
2-1: Called Strike
2-2: Strikes out swinging
Batting: SHB Spencer Maddox 0-0: Ball
1-0: Called Strike
Hamid Rutu is caught stealing 2nd base 2-6
1-1: SINGLE (Groundball, 56S, EV 71.9 MPH) (infield hit)
Mark Bakker scores
Batting: RHB Luis Ávila 0-0: Ball
Spencer Maddox steals 2nd base
1-0: Foul Ball, location: 2F
1-1: Ball
2-1: Foul Ball, location: 2F
2-2: Ball
3-2: Strikes out swinging
Top of the 1st over - 1 run, 3 hits, 0 errors, 1 left on base; Lake Minnetonka 1 - Yakima 0
BOTTOM OF THE 1ST
Yakima Hops batting - Pitching for Lake Minnetonka Love Boats : LHP Bill Salas
Pitching: LHP Bill Salas
Batting: LHB Alfredo Pliego 0-0: Ball
1-0: Foul Ball, location: 2F
1-1: Foul Ball, location: 2F
1-2: Fly out, F7 (Flyball, 7, EV 85.0 MPH)
Batting: RHB Rodrigo Jiménez 0-0: Called Strike
0-1: Ball
1-1: Ground out 6-3 (Groundball, 6, EV 77.5 MPH)
Batting: RHB Rickey Warner 0-0: Ball
1-0: Foul Ball, location: 2F
1-1: Fly out, F9 (Flyball, 9LMF, EV 83.8 MPH)
Bottom of the 1st over - 0 runs, 0 hits, 0 errors, 0 left on base; Lake Minnetonka 1 - Yakima 0
TOP OF THE 2ND
Lake Minnetonka Love Boats batting - Pitching for Yakima Hops : RHP Dave Hamilton
Batting: RHB Nicholas Khadjikyriakos 0-0: Fly out, F8 (Flyball, 8LS, EV 86.9 MPH)
Batting: RHB Ding-bong Wang 0-0: Swinging Strike
0-1: Foul Ball, location: 2F
0-2: Strikes out looking
Batting: RHB León Murciano 0-0: Swinging Strike
0-1: Foul Ball, location: 2F
0-2: Foul Ball, location: 2F
0-2: Ball
1-2: Ball
2-2: Foul Ball, location: 2F
2-2: Foul Ball, location: 2F
2-2: Strikes out looking
Top of the 2nd over - 0 runs, 0 hits, 0 errors, 0 left on base; Lake Minnetonka 1 - Yakima 0
BOTTOM OF THE 2ND
Yakima Hops batting - Pitching for Lake Minnetonka Love Boats : LHP Bill Salas
Batting: RHB Tim Dickson 0-0: Called Strike
0-1: Ball
1-1: SINGLE (Groundball, 56D, EV 110.0 MPH)
Batting: LHB Daniel MacBrayne 0-0: Grounds into double play, 1-6-3 (Groundball, 13S, EV 68.1 MPH)
Batting: LHB Richard Barlow 0-0: Ball
1-0: Ball
2-0: Called Strike
2-1: Called Strike
2-2: Foul Ball, location: 2F
2-2: Fly out, F7 (Flyball, 7LM, EV 86.2 MPH)
Bottom of the 2nd over - 0 runs, 1 hit, 0 errors, 0 left on base; Lake Minnetonka 1 - Yakima 0
TOP OF THE 3RD
Lake Minnetonka Love Boats batting - Pitching for Yakima Hops : RHP Dave Hamilton
Batting: RHB Pablo Santos 0-0: Ball
1-0: Called Strike
1-1: SOLO HOME RUN (Line Drive, 9LD, EV 100.0 MPH), Distance : 329 ft
Batting: RHB Mark Bakker 0-0: Ball
1-0: Ball
2-0: Ball
3-0: Called Strike
3-1: Called Strike
3-2: Fly out, F7 (Line Drive, 7D, EV 98.8 MPH)
Batting: RHB Hamid Rutu 0-0: Ball
1-0: Ball
2-0: Ball
3-0: Called Strike
3-1: Fly out, F3 (Popup, 34, EV 55.6 MPH)
Batting: RHB Eisse van Barneveld 0-0: Ball
1-0: Ball
2-0: Called Strike
2-1: Ball
3-1: Foul Ball, location: 2F
3-2: Foul Ball, location: 2F
3-2: Foul Ball, location: 2F
3-2: SINGLE (Line Drive, 4MD, EV 98.8 MPH)
Batting: SHB Spencer Maddox 0-0: Ball
1-0: Ball
2-0: Called Strike
2-1: Ground out 4-3 (Groundball, 4, EV 86.2 MPH)
Top of the 3rd over - 1 run, 2 hits, 0 errors, 1 left on base; Lake Minnetonka 2 - Yakima 0
BOTTOM OF THE 3RD
Yakima Hops batting - Pitching for Lake Minnetonka Love Boats : LHP Bill Salas
Batting: SHB John Joseph 0-0: Called Strike
0-1: Fly out, F8 (Flyball, 8LS, EV 94.4 MPH)
Batting: LHB Damon Cross 0-0: Ball
1-0: Swinging Strike
1-1: Ball
2-1: Ball
3-1: Foul Ball, location: 2F
3-2: Foul Ball, location: 2F
3-2: Ground out 5-3 (Groundball, 56S, EV 85.0 MPH)
Batting: RHB Clarence Price 0-0: Called Strike
0-1: Ball
1-1: Ball
2-1: Foul Ball, location: 2F
2-2: Ball
3-2: Base on Balls
Batting: LHB Alfredo Pliego 0-0: Foul Ball, location: 2F
0-1: Foul Ball, location: 2F
0-2: Foul Ball, location: 2F
0-2: Ball
1-2: DOUBLE (Groundball, 3L, EV 103.8 MPH)
Clarence Price to third
Runner from 3rd tries for Home, SAFE, throw by RF to trailing runner, SAFE at third!
Batting: RHB Rodrigo Jiménez 0-0: Called Strike
0-1: Foul Ball, location: 2F
0-2: Ball
1-2: Strikes out swinging, 2-3 out at first.
Bottom of the 3rd over - 1 run, 1 hit, 0 errors, 1 left on base; Lake Minnetonka 2 - Yakima 1
TOP OF THE 4TH
Lake Minnetonka Love Boats batting - Pitching for Yakima Hops : RHP Dave Hamilton
Batting: RHB Luis Ávila 0-0: Ball
1-0: Ball
2-0: Fly out, F7 (Flyball, 7D, EV 105.6 MPH)
Batting: RHB Nicholas Khadjikyriakos 0-0: Ball
1-0: Swinging Strike
1-1: Ground out U3 (Groundball, 3L, EV 81.9 MPH)
Batting: RHB Ding-bong Wang 0-0: Called Strike
0-1: Called Strike
0-2: Ball
1-2: SINGLE (Line Drive, 7S, EV 93.8 MPH)
Batting: RHB León Murciano 0-0: Called Strike
0-1: Called Strike
0-2: Ball
1-2: Ball
2-2: Strikes out swinging
Top of the 4th over - 0 runs, 1 hit, 0 errors, 1 left on base; Lake Minnetonka 2 - Yakima 1
BOTTOM OF THE 4TH
Yakima Hops batting - Pitching for Lake Minnetonka Love Boats : LHP Bill Salas
Batting: RHB Rickey Warner 0-0: Ball
1-0: Fly out, F9 (Flyball, 9LS, EV 88.1 MPH)
Batting: RHB Tim Dickson 0-0: Ball
1-0: Called Strike
1-1: Ball
2-1: Swinging Strike
2-2: Strikes out swinging
Batting: LHB Daniel MacBrayne 0-0: Called Strike
0-1: Ball
1-1: Foul Ball, location: 2F
1-2: Ball
2-2: Ball
3-2: Base on Balls
Batting: LHB Richard Barlow 0-0: Called Strike
0-1: Ball
1-1: Ball
2-1: Fly out, F6 (Popup, 6MS, EV 68.8 MPH)
Bottom of the 4th over - 0 runs, 0 hits, 0 errors, 1 left on base; Lake Minnetonka 2 - Yakima 1
TOP OF THE 5TH
Lake Minnetonka Love Boats batting - Pitching for Yakima Hops : RHP Dave Hamilton
Batting: RHB Pablo Santos 0-0: Fly out, F8 (Flyball, 78S, EV 85.6 MPH)
Batting: RHB Mark Bakker 0-0: Ball
1-0: Ball
2-0: Ground out 6-3 (Groundball, 6MS, EV 88.1 MPH)
Batting: RHB Hamid Rutu 0-0: Ball
1-0: Swinging Strike
1-1: Ball
2-1: Called Strike
2-2: Ground out 5-3 (Groundball, 5, EV 87.5 MPH)
Top of the 5th over - 0 runs, 0 hits, 0 errors, 0 left on base; Lake Minnetonka 2 - Yakima 1
BOTTOM OF THE 5TH
Yakima Hops batting - Pitching for Lake Minnetonka Love Boats : LHP Bill Salas
Batting: SHB John Joseph 0-0: Foul Ball, location: 2F
0-1: Ball
1-1: Foul Ball, location: 2F
1-2: Ball
2-2: SINGLE (Groundball, 56D, EV 108.8 MPH)
Batting: LHB Damon Cross 0-0: Bunted foul
0-1: Bunted foul
0-2: Foul Ball, location: 2F
0-2: Ball
Wild Pitch!
John Joseph to second
1-2: Ball
2-2: Ball
3-2: Base on Balls
Batting: RHB Clarence Price 0-0: Ball
1-0: Called Strike
1-1: Foul Ball, location: 2F
1-2: Foul Ball, location: 2F
1-2: Ball
2-2: Foul Ball, location: 2F
2-2: Grounds into double play, 6-4-3 (Groundball, 6M, EV 108.1 MPH)
John Joseph to third
Batting: LHB Alfredo Pliego 0-0: Ball
1-0: Foul Ball, location: 2F
1-1: Ball
2-1: Foul Ball, location: 2F
2-2: Ground out 5-3 (Groundball, 5, EV 102.5 MPH)
Bottom of the 5th over - 0 runs, 1 hit, 0 errors, 1 left on base; Lake Minnetonka 2 - Yakima 1
TOP OF THE 6TH
Lake Minnetonka Love Boats batting - Pitching for Yakima Hops : RHP Dave Hamilton
Batting: RHB Eisse van Barneveld 0-0: Fly out, F8 (Line Drive, 8LM, EV 95.0 MPH)
Batting: SHB Spencer Maddox 0-0: Called Strike
0-1: Swinging Strike
0-2: Strikes out swinging
Batting: RHB Luis Ávila 0-0: Ball
1-0: Ball
2-0: Foul Ball, location: 2F
2-1: Foul Ball, location: 2F
2-2: Ground out 6-3 (Groundball, 6, EV 83.1 MPH)
Top of the 6th over - 0 runs, 0 hits, 0 errors, 0 left on base; Lake Minnetonka 2 - Yakima 1
BOTTOM OF THE 6TH
Yakima Hops batting - Pitching for Lake Minnetonka Love Boats : LHP Bill Salas
Pitching: RHP Gabriel García
Batting: RHB Rodrigo Jiménez 0-0: Called Strike
0-1: Called Strike
0-2: Foul Ball, location: 2F
0-2: Ball
1-2: Foul Ball, location: 2F
1-2: Ball
2-2: Foul Ball, location: 2F
2-2: Fly out, F8 (Flyball, 8LM, EV 84.4 MPH)
Batting: RHB Rickey Warner 0-0: Ground out 1-3 (Groundball, 15, EV 86.9 MPH)
Batting: RHB Tim Dickson 0-0: Swinging Strike
0-1: Fly out, F8 (Flyball, 8LXD, EV 100.6 MPH)
Bottom of the 6th over - 0 runs, 0 hits, 0 errors, 0 left on base; Lake Minnetonka 2 - Yakima 1
TOP OF THE 7TH
Lake Minnetonka Love Boats batting - Pitching for Yakima Hops : RHP Dave Hamilton
Pitching: RHP Chris McDonald
Batting: RHB Nicholas Khadjikyriakos 0-0: Foul Ball, location: 2F
0-1: Swinging Strike
0-2: Ball
1-2: Foul Ball, location: 2F
1-2: Ball
2-2: Ball
3-2: Base on Balls
Batting: RHB Ding-bong Wang 0-0: Bunted foul
0-1: Bunted foul
0-2: Ball
1-2: Foul Ball, location: 2F
1-2: Strikes out swinging
Batting: RHB León Murciano 0-0: Ball
1-0: Foul Ball, location: 2F
1-1: Foul Ball, location: 2F
1-2: SINGLE (Groundball, 4MD, EV 98.8 MPH)
Nicholas Khadjikyriakos to second
Batting: RHB Pablo Santos 0-0: Ball
1-0: Fielders Choice at 2nd, 6-4 (Groundball, 56, EV 103.8 MPH)
Nicholas Khadjikyriakos to third
Batting: RHB Mark Bakker 0-0: Foul Ball, location: 2F
0-1: Ball
1-1: Foul Ball, location: 2F
1-2: Ball
2-2: Fly out, F8 (Flyball, 8LS, EV 91.9 MPH)
Top of the 7th over - 0 runs, 1 hit, 0 errors, 2 left on base; Lake Minnetonka 2 - Yakima 1
BOTTOM OF THE 7TH
Yakima Hops batting - Pitching for Lake Minnetonka Love Boats : RHP Gabriel García
Batting: LHB Daniel MacBrayne 0-0: Called Strike
0-1: Fly out, F7 (Flyball, 7, EV 90.0 MPH)
Batting: LHB Richard Barlow 0-0: Called Strike
0-1: Ball
1-1: Swinging Strike
1-2: Ball
2-2: Ball
3-2: Base on Balls
Pitching: RHP Jayden Fairhead
Batting: SHB John Joseph 0-0: Ball
1-0: Grounds into double play, 4-6-3 (Groundball, 4, EV 81.2 MPH)
Bottom of the 7th over - 0 runs, 0 hits, 0 errors, 0 left on base; Lake Minnetonka 2 - Yakima 1
TOP OF THE 8TH
Lake Minnetonka Love Boats batting - Pitching for Yakima Hops : RHP Chris McDonald
Batting: RHB Hamid Rutu 0-0: Ball
1-0: Ball
2-0: Foul Ball, location: 2F
2-1: Swinging Strike
2-2: Ball
3-2: Strikes out looking
Batting: RHB Eisse van Barneveld 0-0: Fly out, F5 (Popup, 25F, EV 79.4 MPH)
Batting: SHB Spencer Maddox 0-0: Fly out, F9 (Flyball, 89M, EV 90.6 MPH)
Top of the 8th over - 0 runs, 0 hits, 0 errors, 0 left on base; Lake Minnetonka 2 - Yakima 1
BOTTOM OF THE 8TH
Yakima Hops batting - Pitching for Lake Minnetonka Love Boats : RHP Jayden Fairhead
Batting: LHB Damon Cross 0-0: Hit by Pitch
Batting: RHB Clarence Price 0-0: Sac Bunt to 13S - play at first, batter OUT! 1-3
Damon Cross to second
Batting: LHB Alfredo Pliego 0-0: Called Strike
0-1: Ball
1-1: Foul Ball, location: 2F
1-2: Ball
2-2: 2-RUN HOME RUN (Flyball, 9LD, EV 100.6 MPH), Distance : 338 ft
Batting: RHB Rodrigo Jiménez 0-0: Ball
1-0: Swinging Strike
1-1: Ground out 6-3 (Groundball, 6, EV 86.9 MPH)
Batting: RHB Rickey Warner 0-0: SINGLE (Groundball, 6MS, EV 88.8 MPH) (infield hit)
Batting: RHB Tim Dickson 0-0: SINGLE (Line Drive, 89M, EV 87.5 MPH)
Rickey Warner to second
Runner from 2nd tries for 3rd, SAFE, no throw by CF
Batting: LHB Daniel MacBrayne 0-0: Foul Ball, location: 2F
0-1: Ball
1-1: Called Strike
1-2: Ball
2-2: Strikes out swinging
Bottom of the 8th over - 2 runs, 3 hits, 0 errors, 2 left on base; Lake Minnetonka 2 - Yakima 3
TOP OF THE 9TH
Lake Minnetonka Love Boats batting - Pitching for Yakima Hops : RHP Chris McDonald
Pitching: LHP Batu Khan
Now at 1B: Kyung-ryul Kim
Now at 2B: Jorge Esparza
Batting: RHB Luis Ávila 0-0: Called Strike
0-1: Swinging Strike
0-2: Strikes out looking
Pinch Hitting: RHB Vicente Casaus 0-0: Ball
1-0: Ball
2-0: Called Strike
2-1: SINGLE (Line Drive, 78S, EV 88.8 MPH)
Batting: RHB Ding-bong Wang 0-0: Swinging Strike
0-1: Ball
1-1: Foul Ball, location: 2F
1-2: Strikes out swinging
Batting: RHB León Murciano 0-0: Ball
1-0: Ball
2-0: Ball
3-0: Base on Balls
Vicente Casaus to second
Batting: RHB Pablo Santos 0-0: Ball
1-0: Called Strike
1-1: Foul Ball, location: 2F
1-2: Strikes out swinging
Top of the 9th over - 0 runs, 1 hit, 0 errors, 2 left on base; Lake Minnetonka 2 - Yakima 3
Friday, March 26th, 2021 - OOTP Baseball 20.8 Build 74